AoeStats
← Tmarahh

Nomad

509292341Analyzed
2v2 RM · 6d ago on Sep 26, 2026· 78m 21s· 4 players
Game mode
Random Map
Map size
176×176
Population
200
Speed
Normal
Resources
Standard
Victory
Conquest
Starting age
Dark Age
Ending age
Imperial Age
RankedLock teamsTeams togetherTeam positionsShared explorationLock speedFull tech treeHidden civsTurbo modeCheats
Victory
Defeat
🇺🇸 Wu · United States
398
+21
🇫🇷 Spanish · France
356
+22
🇪🇸 Ethiopians · Spain
592
-25
🇦🇺 Sicilians · Australia
404
-18
Sir_HotBoi
3:44 Loom
14:40 Feudal Age
15:43 Man-at-Arms
16:10 Arson
17:53 Forging
20:07 Fletching
20:47 Fishing Lines
23:01 Horse Collar
23:14 Double-Bit Axe
26:21 Castle Age
26:56 Gold Mining
27:22 Gillnets
27:02 Elite Skirmisher
27:15 Long Swordsman
31:53 Wheelbarrow
31:21 Heavy Plow
32:55 Bloodlines
32:45 Husbandry
32:08 Light Cavalry
34:24 Gold Shaft Mining
33:40 Stone Mining
35:45 Iron Casting
35:06 Bodkin Arrow
35:54 Scale Mail Armor
35:55 Padded Archer Armor
40:15 Imperial Age
38:53 Leather Archer Armor
38:54 Chain Mail Armor
38:50 Scale Barding Armor
38:31 Treadmill Crane
39:12 Ballistics
39:08 Squires
40:39 Bow Saw
40:52 Red Cliffs Tactics
40:38 Crossbowman
42:10 Arbalester
43:59 Blast Furnace
43:34 Hand Cart
43:59 Conscription
46:03 Elite Fire Archer
46:44 Sitting Tiger
46:26 Two-Handed Swordsman
47:52 Heavy Hei Guang Cavalry
50:22 Champion
52:28 Chemistry
53:28 Town Watch
57:46 Murder Holes
57:56 Bracer
58:17 Chain Barding Armor
58:28 Plate Mail Armor
benbarka71
4:57 Loom
17:01 Feudal Age
18:21 Wheelbarrow
18:00 Town Watch
18:21 Double-Bit Axe
18:21 Horse Collar
20:14 Fishing Lines
29:48 Castle Age
28:45 Forging
28:26 Fletching
28:37 Scale Mail Armor
28:38 Padded Archer Armor
28:44 Scale Barding Armor
28:32 Arson
32:01 Hand Cart
31:46 Town Patrol
32:00 Bow Saw
31:55 Heavy Plow
31:50 Gillnets
33:02 Pikeman
33:44 Squires
33:08 Elite Skirmisher
33:40 Gold Mining
33:41 Stone Mining
37:55 Iron Casting
37:15 Bodkin Arrow
37:36 Chain Mail Armor
37:37 Leather Archer Armor
42:41 Imperial Age
40:47 Masonry
40:59 Ballistics
41:04 Caravan
42:19 Stone Shaft Mining
42:10 Leather Archer Armor
43:16 Coinage
42:54 Guard Tower
43:17 Careening
44:49 Clinker Construction
45:11 Architecture
45:44 Chemistry
44:32 Arrowslits
47:12 Two-Man Saw
46:35 Conscription
50:14 Medium Warships
49:26 Demolition Ship
49:27 Elite Cannon Galleon
50:49 Keep
50:36 Carvel Hull
50:27 Fortified Wall
50:13 Murder Holes
50:39 Shipwright
52:40 Bloodlines
52:31 Husbandry
51:53 Light Cavalry
53:20 Halberdier
54:38 Hoardings
54:53 Banking
54:40 Guilds
55:37 Dry Dock
55:24 Siphons
55:42 Bombard Tower
55:25 Bracer
56:25 Blast Furnace
55:56 Plate Mail Armor
56:00 Ring Archer Armor
56:02 Chain Barding Armor
57:12 Heavy Mounted Crossbowman
57:56 Inquisition
57:26 Sappers
58:56 Heavy Warships
57:56 Heavy Demolition Ship
60:06 Onager
64:42 Thumb Ring
64:35 Elite Conquistador
64:42 Cavalier
66:35 Plate Barding Armor
65:24 Capped Ram
66:51 Hussar
66:52 Paladin
72:36 Redemption
72:27 Devotion
72:47 Sanctity
72:54 Illumination
72:44 Block Printing
72:40 Fervor
72:27 Herbal Medicine
73:08 Theocracy
72:42 Siege Ram
74:39 Faith
Tmarahh
6:14 Loom
19:27 Feudal Age
21:33 Town Watch
28:38 Double-Bit Axe
29:47 Fishing Lines
31:17 Arson
31:29 Horse Collar
39:42 Castle Age
37:53 Gold Mining
41:06 Wheelbarrow
40:33 Town Patrol
40:04 Pikeman
47:37 Husbandry
47:47 Bloodlines
46:59 Light Cavalry
49:27 Hand Cart
49:25 Heavy Plow
50:06 Bow Saw
50:20 Gillnets
54:00 Medium Warships
55:30 Stone Mining
56:16 Gold Shaft Mining
59:01 Imperial Age
56:42 Squires
56:28 Gambesons
56:07 Man-at-Arms
57:21 First Crusade
57:18 Caravan
57:50 Coinage
58:34 Long Swordsman
60:07 Conscription
61:36 Capped Ram
63:45 Onager
65:22 Halberdier
75:48 Crossbowman
Ernes
4:18 Loom
16:44 Feudal Age
18:03 Wheelbarrow
17:14 Town Watch
17:18 Double-Bit Axe
23:32 Horse Collar
27:41 Castle Age
30:27 Hand Cart
30:13 Town Patrol
30:37 Bow Saw
30:30 Heavy Plow
33:04 Caravan
40:05 Imperial Age
38:55 Fortified Wall
38:57 Masonry
38:43 Murder Holes
39:40 Stone Mining
39:41 Gold Mining
42:42 Two-Man Saw
42:03 Elite Shotel Warrior
43:06 Conscription
43:59 Royal Heirs
44:19 Forging
44:10 Scale Mail Armor
44:52 Stone Shaft Mining
44:57 Gold Shaft Mining
46:18 Chain Mail Armor
46:38 Iron Casting
46:05 Halberdier
46:46 Squires
46:32 Arson
51:01 Blast Furnace
50:32 Plate Mail Armor
49:53 Fletching
50:04 Padded Archer Armor
51:19 Chemistry
50:50 Architecture
50:12 Heated Shot
50:28 Siege Engineers
61:50 Plate Mail Armor
61:10 Fletching
61:21 Padded Archer Armor
61:27 Scale Barding Armor
65:25 Ballistics
65:05 Bodkin Arrow
65:26 Leather Archer Armor
69:34 Torsion Engines
Connection lost

Rejoining the realm…

Still unreachable

The connection could not be restored.

Session expired

The server has moved on; the page needs a fresh start.